Vegas Golden Knights vs Arizona Coyotes
Created - Friday, June 9, 2023 at 07:03
Goals
|
| Vegas Golden Knights |
2 |
3 |
2 |
0 |
1 |
8 |
| Arizona Coyotes |
2 |
1 |
4 |
0 |
0 |
7 |
|
Shots
|
| Vegas Golden Knights |
12 |
13 |
8 |
2 |
5 |
35 |
| Arizona Coyotes |
12 |
7 |
18 |
1 |
5 |
38 |
|
1st period
1. Vegas Golden Knights , Artemi Panarin 31 (Tom Wilson 41, Jordan Staal 20) at 0:14
2. Vegas Golden Knights , Jaden Schwartz 18 (John Marino 23) at 7:33
3. Arizona Coyotes , Ilya Mikheyev 8 (Tyler Seguin 25) at 11:18
4. Arizona Coyotes , Tyler Seguin 25 (Ilya Mikheyev 16) at 18:07
Penalties :
Brandon Tanev (AZC) for Hooking (Minor) at 14:02
2nd period
5. Arizona Coyotes , James van Riemsdyk 19 (Jared Spurgeon 26, Claude Giroux 51) at 0:55
6. Vegas Golden Knights , Victor Olofsson 9 (Jordan Staal 21) at 11:54
7. Vegas Golden Knights , Rickard Rakell 20 (Jaden Schwartz 33, Andreas Johnsson 12) at 13:06 (PP)
8. Vegas Golden Knights , Artemi Panarin 32 (Jaden Schwartz 34, Colin White 28) at 18:58 (PP)
Penalties :
Mathew Dumba (AZC) for Tripping (Minor) at 12:24, Brayden McNabb (AZC) for Roughing (Minor) at 18:11
3rd period
9. Arizona Coyotes , Erik Haula 11 (Charlie Coyle 29, James van Riemsdyk 14) at 9:23
10. Vegas Golden Knights , Jonathan Drouin 12 (Vladislav Namestnikov 9) at 12:51
11. Arizona Coyotes , David Krejci 22 (Mats Zuccarello 54, Brayden McNabb 30) at 15:50
12. Arizona Coyotes , Ilya Mikheyev 9 (Brayden McNabb 31) at 16:37
13. Arizona Coyotes , Claude Giroux 37 (Mats Zuccarello 55, David Krejci 37) at 18:58
14. Vegas Golden Knights , Artemi Panarin 33 (Tom Wilson 42) at 19:16
Penalties :
Brian Dumoulin (VGK) for Hooking (Minor) at 1:01, Marc Staal (VGK) for Roughing (Double Minor) at 2:37
Overtime #1
No Goal
Penalties :
No Penalty
Shootout
Vegas Golden Knights, Artemi Panarin - Stopped by Kaapo Kahkonen
Arizona Coyotes, Claude Giroux - Stopped by Philipp Grubauer
Vegas Golden Knights, Andreas Johnsson - Stopped by Kaapo Kahkonen
Arizona Coyotes, Mats Zuccarello - Stopped by Philipp Grubauer
Vegas Golden Knights, Anthony Cirelli - Shot Misses the Net
Arizona Coyotes, Charlie Coyle - Stopped by Philipp Grubauer
Vegas Golden Knights, Victor Olofsson - Shot Misses the Net
Arizona Coyotes, David Krejci - Stopped by Philipp Grubauer
Vegas Golden Knights, Zach Parise - Goal!
Arizona Coyotes, Tyler Seguin - Shot Misses the Net
Penalties :
No Penalty
Goalie Stats
Philipp Grubauer (VGK), 31 saves from 38 shots - (0.816), W, 11-17-2, 64:56 minutes
Kaapo Kahkonen (AZC), 28 saves from 35 shots - (0.800), OTL, 27-14-6, 65:00 minutes
Players Stats for Vegas Golden Knights
Player Name G A P +/- PIM S H SB GA TA FO MP PP MP PK MP
------------------------------------------------------------------------------------
Andreas Johnsson 0 1 1 0 0 0 0 0 0 0 0/0 8:18 1:07 0:00
Andrew Peeke 0 0 0 2 0 0 0 2 0 0 0/0 19:35 0:00 3:09
Anthony Cirelli 0 0 0 -1 0 1 5 0 1 0 7/12 18:29 0:02 1:35
Artemi Panarin 3 0 3 0 0 9 2 0 1 1 0/0 21:53 2:19 0:03
Brian Dumoulin 0 0 0 -3 2 0 1 7 0 1 0/0 28:07 0:00 1:23
Colin White 0 1 1 -1 0 2 0 1 0 0 2/10 14:28 2:19 0:03
Jaden Schwartz 1 2 3 -1 0 3 3 1 0 0 0/2 20:08 2:44 1:28
John Marino 0 1 1 -3 0 0 2 1 0 0 0/0 29:51 0:44 1:56
Jonathan Drouin 1 0 1 -1 0 2 3 0 0 1 1/2 13:18 0:02 0:00
Jordan Staal 0 2 2 0 0 3 3 0 0 1 16/29 21:06 0:00 2:45
Marc Staal 0 0 0 2 4 0 3 0 0 1 0/0 18:28 0:00 1:35
Marc-Edouard Vlasic 0 0 0 -1 0 1 0 0 0 1 0/0 14:16 0:00 1:56
P.K. Subban 0 0 0 -1 0 2 2 1 0 0 0/0 15:51 2:44 1:12
Rickard Rakell 1 0 1 0 0 2 3 1 0 0 0/0 10:23 1:07 0:00
Tom Wilson 0 2 2 0 0 6 1 0 0 1 1/4 21:46 2:19 2:43
Victor Olofsson 1 0 1 0 0 3 1 0 1 0 0/0 10:05 0:44 0:00
Vladislav Namestnikov 0 1 1 -1 0 0 3 0 0 0 1/7 14:20 1:07 1:18
Zach Parise 0 0 0 -1 0 1 0 0 1 0 0/0 13:38 0:02 0:50
Players Stats for Arizona Coyotes
Player Name G A P +/- PIM S H SB GA TA FO MP PP MP PK MP
------------------------------------------------------------------------------------
Brandon Tanev 0 0 0 0 2 0 0 0 0 0 0/0 3:30 0:00 0:00
Brayden McNabb 0 2 2 3 2 2 0 1 0 0 0/0 27:06 2:38 1:10
Charlie Coyle 0 1 1 0 0 4 0 0 2 0 0/1 14:19 0:44 0:06
Claude Giroux 1 1 2 -1 0 3 2 1 0 0 3/7 21:00 2:38 1:50
David Krejci 1 1 2 0 0 5 3 0 0 2 9/14 19:01 2:04 1:38
Dmitry Orlov 0 0 0 2 0 1 1 0 0 0 0/0 20:07 2:38 0:00
Erik Haula 1 0 1 1 0 2 1 1 1 0 11/16 17:29 0:44 1:32
Ilya Mikheyev 2 1 3 2 0 4 2 0 0 0 0/2 18:56 2:36 0:00
James van Riemsdyk 1 1 2 1 0 2 0 0 0 0 1/2 17:43 1:01 0:00
Jani Hakanpaa 0 0 0 -1 0 0 1 3 0 0 0/0 18:06 0:16 1:53
Jared Spurgeon 0 1 1 1 0 3 0 3 1 1 0/0 28:43 2:41 1:57
Mathew Dumba 0 0 0 0 2 1 0 2 0 0 0/0 17:33 0:16 0:25
Mats Zuccarello 0 2 2 -1 0 6 0 1 1 0 1/2 22:49 2:38 1:50
Ondrej Palat 0 0 0 1 0 1 3 2 0 1 0/1 16:17 2:04 0:00
Radko Gudas 0 0 0 -1 0 0 1 2 0 0 0/0 18:23 2:41 1:31
Rocco Grimaldi 0 0 0 1 0 2 0 0 1 0 0/0 9:37 0:05 0:00
Ross Colton 0 0 0 1 0 0 0 0 0 0 5/6 9:38 0:06 0:00
Tyler Seguin 1 1 2 1 0 2 0 0 1 0 8/15 16:12 2:05 0:00
3 Stars
1 - Artemi Panarin (VGK)
2 - Ilya Mikheyev (AZC)
3 - Jaden Schwartz (VGK)
Power Play
Vegas Golden Knights - 2 on 3 Attempt(s) - 66.67%
Arizona Coyotes - 0 on 3 Attempt(s) - 0.00%
Penalty Kill
Vegas Golden Knights - 3 on 3 Attempt(s) - 100.00%
- Score 0 goal in Penalty Kill
Arizona Coyotes - 1 on 3 Attempt(s) - 33.33%
- Score 0 goal in Penalty Kill
Team Stat
Vegas Golden Knights - Hits : 32 - Faceoff Wins : 28 - Blocked Shots : 14 - Penalty Minutes : 6
Arizona Coyotes - Hits : 14 - Faceoff Wins : 38 - Blocked Shots : 16 - Penalty Minutes : 6
Official
Referees : Justin StPierre and Brad Meier
Linesman : Brian Murphy and Andy McElman
Game Notes
Brandon Tanev is injured at 16:52 of 1st period (Right Knee)
Rickard Rakell is injured at 18:00 of 2nd period (Right Hand)
Artemi Panarin has scored a Hat Trick!
Finance
Level 1 -- Attendance: 5522 (92.03%) -- Ticket Income $524,590
Level 2 -- Attendance: 4575 (91.50%) -- Ticket Income $260,775
Level 3 -- Attendance: 2879 (95.97%) -- Ticket Income $89,249
Level 4 -- Attendance: 4804 (96.08%) -- Ticket Income $100,884
Luxury Box -- Attendance: 901 (90.10%) -- Ticket Income $174,794
Game was played at the Gila River Arena.
Total Attendance: 18681 (93.41%)
Total Ticket Income: $1,150,292
Other Income: $402,602
Total Income: $1,552,894
Vegas Golden Knights
5 vs 5 Forward
Center Left Wing Right Wing Time % Phy DF OF
1 Jordan Staal Artemi Panarin Tom Wilson 40 1 2 2
2 Anthony Cirelli Jaden Schwartz Rickard Rakell 30 1 2 2
3 Vladislav Namestnikov Zach Parise Jonathan Drouin 20 1 2 2
4 Colin White Andreas Johnsson Victor Olofsson 10 1 2 2
5 vs 5 Defense
Defense Defense Time % Phy DF OF
1 Brian Dumoulin John Marino 40 1 2 2
2 Marc Staal Andrew Peeke 30 1 2 2
3 Marc-Edouard Vlasic P.K. Subban 20 1 2 2
4 Brian Dumoulin John Marino 10 1 2 2
PowerPlay Forward
Center Left Wing Right Wing Time % Phy DF OF
1 Colin White Artemi Panarin Tom Wilson 60 1 2 2
2 Vladislav Namestnikov Andreas Johnsson Rickard Rakell 40 1 2 2
PowerPlay Defense
Defense Defense Time % Phy DF OF
1 Jaden Schwartz P.K. Subban 60 1 2 2
2 Victor Olofsson John Marino 40 1 2 2
Penalty Kill 4 Players Forward
Center Wing Time % Phy DF OF
1 Jordan Staal Tom Wilson 60 1 2 2
2 Anthony Cirelli Zach Parise 40 1 2 2
Penalty Kill 4 Players Defense
Defense Defense Time % Phy DF OF
1 Marc Staal Andrew Peeke 60 1 2 2
2 Marc-Edouard Vlasic Brian Dumoulin 40 1 2 2
Penalty Kill - 3 Players Forward
Forward Time % Phy DF OF
1 Anthony Cirelli 60 1 2 2
2 Zach Parise 40 1 2 2
Penalty Kill - 3 Players Defense
Defense Defense Time % Phy DF OF
1 Marc Staal Andrew Peeke 60 1 2 2
2 Marc-Edouard Vlasic Brian Dumoulin 40 1 2 2
4 vs 4 Forward
Center Wing Time % Phy DF OF
1 Jordan Staal Artemi Panarin 60 1 2 2
2 Anthony Cirelli Tom Wilson 40 1 2 2
4 vs 4 Defense
Defense Defense Time % Phy DF OF
1 Marc Staal Andrew Peeke 60 1 2 2
2 Brian Dumoulin John Marino 40 1 2 2
Last Minutes Offensive
Center Left Wing Right Wing Defense Defense
Jordan Staal Artemi Panarin Tom Wilson Brian Dumoulin John Marino
Last Minutes Defensive
Center Left Wing Right Wing Defense Defense
Jordan Staal Zach Parise Tom Wilson Brian Dumoulin Andrew Peeke
Goaltenders
Starting : Philipp Grubauer
Backup : Casey DeSmith
Extra Forwards
Normal : Rickard Rakell, Artemi Panarin, Jordan Staal - PP : Anthony Cirelli, Zach Parise - PK : Vladislav Namestnikov
Extra Defensemen
Normal : Marc Staal, John Marino, Brian Dumoulin - PP : Marc Staal - PK : John Marino, P.K. Subban
Penalty Shots
Artemi Panarin, Rickard Rakell, Andreas Johnsson, Anthony Cirelli, Victor Olofsson
Arizona Coyotes
5 vs 5 Forward
Center Left Wing Right Wing Time % Phy DF OF
1 David Krejci Mats Zuccarello Claude Giroux 30 1 2 2
2 Tyler Seguin Ondrej Palat Ilya Mikheyev 30 1 2 2
3 Erik Haula James van Riemsdyk Charlie Coyle 25 1 2 2
4 Ross Colton Brandon Tanev Rocco Grimaldi 15 1 2 2
5 vs 5 Defense
Defense Defense Time % Phy DF OF
1 Mathew Dumba Jared Spurgeon 30 1 2 2
2 Brayden McNabb Dmitry Orlov 30 1 2 2
3 Radko Gudas Jani Hakanpaa 25 1 2 2
4 Brayden McNabb Jared Spurgeon 15 1 2 2
PowerPlay Forward
Center Left Wing Right Wing Time % Phy DF OF
1 Claude Giroux Mats Zuccarello Ilya Mikheyev 50 1 1 3
2 David Krejci Ondrej Palat Tyler Seguin 50 1 1 3
PowerPlay Defense
Defense Defense Time % Phy DF OF
1 Radko Gudas Jared Spurgeon 50 1 2 2
2 Brayden McNabb Dmitry Orlov 50 1 2 2
Penalty Kill 4 Players Forward
Center Wing Time % Phy DF OF
1 Claude Giroux Mats Zuccarello 50 1 2 2
2 Erik Haula David Krejci 50 1 2 2
Penalty Kill 4 Players Defense
Defense Defense Time % Phy DF OF
1 Brayden McNabb Jared Spurgeon 50 1 2 2
2 Jani Hakanpaa Radko Gudas 50 1 2 2
Penalty Kill - 3 Players Forward
Forward Time % Phy DF OF
1 Claude Giroux 50 1 2 2
2 Mats Zuccarello 50 1 2 2
Penalty Kill - 3 Players Defense
Defense Defense Time % Phy DF OF
1 Radko Gudas Jani Hakanpaa 50 1 2 2
2 Brayden McNabb Dmitry Orlov 50 1 2 2
4 vs 4 Forward
Center Wing Time % Phy DF OF
1 Claude Giroux Mats Zuccarello 50 1 2 2
2 Erik Haula David Krejci 50 1 2 2
4 vs 4 Defense
Defense Defense Time % Phy DF OF
1 Jani Hakanpaa Jared Spurgeon 50 1 2 2
2 Brayden McNabb Dmitry Orlov 50 1 2 2
Last Minutes Offensive
Center Left Wing Right Wing Defense Defense
Claude Giroux Mats Zuccarello Charlie Coyle Mathew Dumba Jared Spurgeon
Last Minutes Defensive
Center Left Wing Right Wing Defense Defense
Claude Giroux Mats Zuccarello Charlie Coyle Mathew Dumba Jared Spurgeon
Goaltenders
Starting : Kaapo Kahkonen
Backup : Elvis Merzlikins
Extra Forwards
Normal : James van Riemsdyk, Erik Haula, Mats Zuccarello - PP : James van Riemsdyk, Erik Haula - PK : Claude Giroux
Extra Defensemen
Normal : Radko Gudas, Jani Hakanpaa, Brayden McNabb - PP : Radko Gudas - PK : Jani Hakanpaa, Brayden McNabb
Penalty Shots
Claude Giroux, Mats Zuccarello, Charlie Coyle, David Krejci, Tyler Seguin
% Time on Ice - Vegas Golden Knights
Lines # - Real PCT - Wanted PCT - Time Play
Normal Forward
1 - 34% - 40% - 17:24
2 - 28% - 30% - 14:09
3 - 24% - 20% - 11:55
4 - 14% - 10% - 7:11
Normal Defense
1 - 42% - 40% - 21:10
2 - 30% - 30% - 15:03
3 - 23% - 20% - 11:42
4 - 5% - 10% - 2:44
PP Forward
1 - 68% - 60% - 2:21
2 - 32% - 40% - 1:07
PP Defense
1 - 79% - 60% - 2:44
2 - 21% - 40% - 0:44
PK Forward
1 - 84% - 60% - 4:22
2 - 16% - 40% - 0:50
PK Defense
1 - 73% - 60% - 3:49
2 - 27% - 40% - 1:23
PK3 Forward
1 - 100% - 60% - 0:23
2 - 0% - 40% - 0:00
PK3 Defense
1 - 0% - 60% - 0:00
2 - 100% - 40% - 0:23
44 Forward
1 - 93% - 60% - 4:40
2 - 7% - 40% - 0:20
44 Defense
1 - 58% - 60% - 2:54
2 - 42% - 40% - 2:06
Last Minute Offensive - 0:18
Last Minute Defensive - 0:00
Total
Forward - 65:00
Defense - 65:00
|
% Time on Ice - Arizona Coyotes
Lines # - Real PCT - Wanted PCT - Time Play
Normal Forward
1 - 28% - 30% - 14:24
2 - 28% - 30% - 14:09
3 - 25% - 25% - 12:34
4 - 19% - 15% - 9:32
Normal Defense
1 - 31% - 30% - 15:46
2 - 30% - 30% - 15:11
3 - 27% - 25% - 13:26
4 - 12% - 15% - 6:16
PP Forward
1 - 51% - 50% - 2:51
2 - 49% - 50% - 2:44
PP Defense
1 - 53% - 50% - 2:57
2 - 47% - 50% - 2:38
PK Forward
1 - 53% - 50% - 1:50
2 - 47% - 50% - 1:38
PK Defense
1 - 56% - 50% - 1:57
2 - 44% - 50% - 1:31
PK3 Forward
1 - 0% - 50%
2 - 0% - 50%
PK3 Defense
1 - 0% - 50%
2 - 0% - 50%
44 Forward
1 - 40% - 50% - 2:01
2 - 60% - 50% - 2:59
44 Defense
1 - 43% - 50% - 2:08
2 - 57% - 50% - 2:52
Last Minute Offensive - 0:00
Last Minute Defensive - 0:18
Total
Forward - 65:00
Defense - 65:00
|
Play-by-Play
1st period
0:01 of 1st period - Jordan Staal wins face-off versus David Krejci in neutral zone.
0:14 of 1st period - Snap shot by Artemi Panarin.
0:14 of 1st period - Goal by Artemi Panarin - Vegas Golden Knights : 1 - Arizona Coyotes : 0.
0:15 of 1st period - Tyler Seguin wins face-off versus Anthony Cirelli in neutral zone.
0:22 of 1st period - Wrist shot by Tyler Seguin.
0:22 of 1st period - Stopped by Philipp Grubauer with a rebound.
0:26 of 1st period - Slapshot by Ilya Mikheyev.
0:26 of 1st period - Stopped by Philipp Grubauer without a rebound.
0:27 of 1st period - Erik Haula wins face-off versus Vladislav Namestnikov in Vegas Golden Knights zone.
0:57 of 1st period - Snap shot by Ilya Mikheyev.
0:57 of 1st period - Shot Blocked by Brian Dumoulin.
1:22 of 1st period - Slapshot by Zach Parise.
1:22 of 1st period - Shot Blocked by Jani Hakanpaa.
1:24 of 1st period - Snap shot by Andrew Peeke.
1:24 of 1st period - Shot Hit the Post.
1:26 of 1st period - Wrist shot by Zach Parise.
1:26 of 1st period - Stopped by Kaapo Kahkonen without a rebound.
1:27 of 1st period - David Krejci wins face-off versus Tom Wilson in Arizona Coyotes zone.
1:27 of 1st period - David Krejci is hit by John Marino.
1:41 of 1st period - Slapshot by David Krejci.
1:41 of 1st period - Stopped by Philipp Grubauer with a rebound.
1:43 of 1st period - Snap shot by Brayden McNabb.
1:43 of 1st period - Stopped by Philipp Grubauer with a rebound.
1:59 of 1st period - Snap shot by Rickard Rakell.
1:59 of 1st period - Shot Misses the Net.
2:01 of 1st period - Wrist shot by Anthony Cirelli.
2:01 of 1st period - Stopped by Kaapo Kahkonen without a rebound.
2:02 of 1st period - Anthony Cirelli wins face-off versus Erik Haula in Arizona Coyotes zone.
2:32 of 1st period - Snap shot by Artemi Panarin.
2:32 of 1st period - Shot Misses the Net.
3:54 of 1st period - Jaden Schwartz is hit by David Krejci and loses puck.
4:57 of 1st period - Brayden McNabb is hit by Anthony Cirelli and loses puck.
5:06 of 1st period - Wrist shot by Rickard Rakell.
5:06 of 1st period - Stopped by Kaapo Kahkonen with a rebound.
5:23 of 1st period - Mats Zuccarello is hit by P.K. Subban and loses puck.
5:38 of 1st period - Marc Staal is hit by Radko Gudas and loses puck.
5:48 of 1st period - Icing by Marc Staal.
5:49 of 1st period - Ross Colton wins face-off versus Colin White in Vegas Golden Knights zone.
5:52 of 1st period - Slapshot by Rocco Grimaldi.
5:52 of 1st period - Shot Misses the Net.
5:54 of 1st period - Slapshot by Jared Spurgeon.
5:54 of 1st period - Deflect By Brandon Tanev.
5:54 of 1st period - Shot Blocked by Andrew Peeke.
5:54 of 1st period - Puck is out of play.
5:55 of 1st period - Ross Colton wins face-off versus Jordan Staal in Vegas Golden Knights zone.
6:46 of 1st period - Icing by Jared Spurgeon.
6:47 of 1st period - Erik Haula wins face-off versus Colin White in Arizona Coyotes zone.
7:00 of 1st period - Snap shot by Colin White.
7:00 of 1st period - Shot Misses the Net.
7:02 of 1st period - Slapshot by P.K. Subban.
7:02 of 1st period - Stopped by Kaapo Kahkonen without a rebound.
7:03 of 1st period - Tyler Seguin wins face-off versus Jordan Staal in Arizona Coyotes zone.
7:08 of 1st period - Snap shot by Ilya Mikheyev.
7:08 of 1st period - Stopped by Philipp Grubauer with a rebound.
7:28 of 1st period - Jani Hakanpaa is hit by Brian Dumoulin and loses puck.
7:33 of 1st period - Snap shot by Jaden Schwartz.
7:33 of 1st period - Goal by Jaden Schwartz - Vegas Golden Knights : 2 - Arizona Coyotes : 0.
7:34 of 1st period - Erik Haula wins face-off versus Tom Wilson in neutral zone.
8:24 of 1st period - Andrew Peeke is hit by Ilya Mikheyev and loses puck.
9:06 of 1st period - Off-side.
9:07 of 1st period - Colin White wins face-off versus Erik Haula in neutral zone.
9:40 of 1st period - Wrist shot by Tom Wilson.
9:40 of 1st period - Stopped by Kaapo Kahkonen with a rebound.
9:44 of 1st period - Wrist shot by Tom Wilson.
9:44 of 1st period - Stopped by Kaapo Kahkonen with a rebound.
10:45 of 1st period - Snap shot by Victor Olofsson.
10:45 of 1st period - Stopped by Kaapo Kahkonen without a rebound.
10:46 of 1st period - David Krejci wins face-off versus Colin White in Arizona Coyotes zone.
11:03 of 1st period - Wrist shot by Colin White.
11:03 of 1st period - Stopped by Kaapo Kahkonen without a rebound.
11:04 of 1st period - Tom Wilson wins face-off versus Tyler Seguin in Arizona Coyotes zone.
11:09 of 1st period - Wrist shot by Artemi Panarin.
11:09 of 1st period - Stopped by Kaapo Kahkonen without a rebound.
11:10 of 1st period - Tyler Seguin wins face-off versus Jordan Staal in Arizona Coyotes zone.
11:10 of 1st period - Tyler Seguin is hit by Jordan Staal.
11:18 of 1st period - Snap shot by Ilya Mikheyev.
11:18 of 1st period - Goal by Ilya Mikheyev - Vegas Golden Knights : 2 - Arizona Coyotes : 1.
11:19 of 1st period - Jordan Staal wins face-off versus Tyler Seguin in neutral zone.
11:45 of 1st period - Claude Giroux is hit by Anthony Cirelli and loses puck.
12:10 of 1st period - Snap shot by Erik Haula.
12:10 of 1st period - Deflect By Charlie Coyle.
12:10 of 1st period - Stopped by Philipp Grubauer with a rebound.
12:18 of 1st period - Brayden McNabb is hit by Marc Staal and loses puck.
12:35 of 1st period - Snap shot by Artemi Panarin.
12:35 of 1st period - Stopped by Kaapo Kahkonen with a rebound.
12:41 of 1st period - Slapshot by Jared Spurgeon.
12:41 of 1st period - Stopped by Philipp Grubauer without a rebound.
12:42 of 1st period - Tyler Seguin wins face-off versus Colin White in Vegas Golden Knights zone.
12:45 of 1st period - Backhand shot by Ilya Mikheyev.
12:45 of 1st period - Shot Misses the Net.
12:57 of 1st period - Slapshot by Victor Olofsson.
12:57 of 1st period - Shot Hit the Post.
13:07 of 1st period - Radko Gudas is hit by Jordan Staal and loses puck.
13:50 of 1st period - Wrist shot by Vladislav Namestnikov.
13:50 of 1st period - Shot Misses the Net.
13:54 of 1st period - Wrist shot by Jonathan Drouin.
13:54 of 1st period - Shot Misses the Net.
13:56 of 1st period - Slapshot by John Marino.
13:56 of 1st period - Shot Blocked by Jani Hakanpaa.
14:02 of 1st period - Minor Penalty to Brandon Tanev for Hooking.
14:03 of 1st period - Claude Giroux wins face-off versus Colin White in Arizona Coyotes zone.
16:02 of 1st period - Penalty to Brandon Tanev is over, Brandon Tanev is back on ice.
16:12 of 1st period - John Marino is hit by Dmitry Orlov and loses puck.
16:19 of 1st period - Wrist shot by Mats Zuccarello.
16:19 of 1st period - Stopped by Philipp Grubauer with a rebound.
16:43 of 1st period - Snap shot by Mats Zuccarello.
16:43 of 1st period - Shot Misses the Net.
16:51 of 1st period - Brandon Tanev is hit by Anthony Cirelli and loses puck.
16:52 of 1st period - Brandon Tanev from Arizona Coyotes is injured at 16:52 of 1st period (Right Knee).
16:53 of 1st period - Anthony Cirelli wins face-off versus Ilya Mikheyev in Arizona Coyotes zone.
16:56 of 1st period - Snap shot by Jaden Schwartz.
16:56 of 1st period - Shot Blocked by Ondrej Palat.
17:04 of 1st period - Slapshot by Ilya Mikheyev.
17:04 of 1st period - Shot Blocked by Jaden Schwartz.
17:20 of 1st period - Jared Spurgeon is hit by Tom Wilson and loses puck.
17:43 of 1st period - Andreas Johnsson is hit by David Krejci and loses puck.
17:54 of 1st period - Wrist shot by Mats Zuccarello.
17:54 of 1st period - Stopped by Philipp Grubauer without a rebound.
17:55 of 1st period - Anthony Cirelli wins face-off versus Tyler Seguin in Vegas Golden Knights zone.
18:07 of 1st period - Snap shot by Tyler Seguin.
18:07 of 1st period - Goal by Tyler Seguin - Vegas Golden Knights : 2 - Arizona Coyotes : 2.
18:08 of 1st period - Tyler Seguin wins face-off versus Tom Wilson in neutral zone.
18:33 of 1st period - Charlie Coyle is hit by Jaden Schwartz and loses puck.
18:40 of 1st period - Slapshot by Dmitry Orlov.
18:40 of 1st period - Shot Blocked by Brian Dumoulin.
18:42 of 1st period - Snap shot by Charlie Coyle.
18:42 of 1st period - Stopped by Philipp Grubauer with a rebound.
18:54 of 1st period - Jonathan Drouin is hit by Claude Giroux.
19:29 of 1st period - Icing by Radko Gudas.
19:30 of 1st period - Jordan Staal wins face-off versus Tyler Seguin in Arizona Coyotes zone.
19:39 of 1st period - Artemi Panarin is hit by Ondrej Palat and loses puck.
19:58 of 1st period - Snap shot by Zach Parise.
19:58 of 1st period - Shot Misses the Net.
Goals for this period are 2 for Vegas Golden Knights vs 2 for Arizona Coyotes.
Shots for this period are 12 for Vegas Golden Knights vs 12 for Arizona Coyotes.
2nd period
0:01 of 2nd period - Erik Haula wins face-off versus Jaden Schwartz in neutral zone.
0:04 of 2nd period - Snap shot by Erik Haula.
0:04 of 2nd period - Shot Blocked by Rickard Rakell.
0:16 of 2nd period - Charlie Coyle is hit by Rickard Rakell and loses puck.
0:55 of 2nd period - Slapshot by James van Riemsdyk.
0:55 of 2nd period - Goal by James van Riemsdyk - Vegas Golden Knights : 2 - Arizona Coyotes : 3.
0:56 of 2nd period - David Krejci wins face-off versus Anthony Cirelli in neutral zone.
1:50 of 2nd period - Off-side.
1:51 of 2nd period - Erik Haula wins face-off versus Vladislav Namestnikov in neutral zone.
2:26 of 2nd period - Snap shot by Mats Zuccarello.
2:26 of 2nd period - Stopped by Philipp Grubauer without a rebound.
2:27 of 2nd period - Anthony Cirelli wins face-off versus Ilya Mikheyev in Vegas Golden Knights zone.
3:55 of 2nd period - Tyler Seguin is hit by Artemi Panarin and loses puck.
4:16 of 2nd period - Wrist shot by Jonathan Drouin.
4:16 of 2nd period - Shot Blocked by Claude Giroux.
4:52 of 2nd period - Marc Staal is hit by Ondrej Palat and loses puck.
4:59 of 2nd period - Ilya Mikheyev is hit by Victor Olofsson and loses puck.
5:08 of 2nd period - Wrist shot by Colin White.
5:08 of 2nd period - Stopped by Kaapo Kahkonen without a rebound.
5:09 of 2nd period - Erik Haula wins face-off versus Jordan Staal in Arizona Coyotes zone.
5:34 of 2nd period - Erik Haula is hit by Vladislav Namestnikov and loses puck.
6:09 of 2nd period - Snap shot by David Krejci.
6:09 of 2nd period - Stopped by Philipp Grubauer with a rebound.
7:20 of 2nd period - Snap shot by Jaden Schwartz.
7:20 of 2nd period - Stopped by Kaapo Kahkonen with a rebound.
7:49 of 2nd period - Wrist shot by Tom Wilson.
7:49 of 2nd period - Stopped by Kaapo Kahkonen without a rebound.
7:50 of 2nd period - Jordan Staal wins face-off versus Erik Haula in Arizona Coyotes zone.
7:51 of 2nd period - Snap shot by Artemi Panarin.
7:51 of 2nd period - Stopped by Kaapo Kahkonen with a rebound.
7:53 of 2nd period - Backhand shot by Jordan Staal.
7:53 of 2nd period - Stopped by Kaapo Kahkonen with a rebound.
7:55 of 2nd period - Wrist shot by Jordan Staal.
7:55 of 2nd period - Stopped by Kaapo Kahkonen with a rebound.
7:57 of 2nd period - Slapshot by Marc-Edouard Vlasic.
7:57 of 2nd period - Shot Blocked by Radko Gudas.
7:59 of 2nd period - Backhand shot by P.K. Subban.
7:59 of 2nd period - Stopped by Kaapo Kahkonen with a rebound.
8:05 of 2nd period - Wrist shot by Tom Wilson.
8:05 of 2nd period - Shot Misses the Net.
8:20 of 2nd period - Slapshot by Zach Parise.
8:20 of 2nd period - Shot Blocked by Radko Gudas.
8:22 of 2nd period - Snap shot by Vladislav Namestnikov.
8:22 of 2nd period - Shot Misses the Net.
8:24 of 2nd period - Wrist shot by Vladislav Namestnikov.
8:24 of 2nd period - Deflect By James van Riemsdyk.
8:24 of 2nd period - Shot Blocked by Jani Hakanpaa.
8:24 of 2nd period - Puck is out of play.
8:25 of 2nd period - David Krejci wins face-off versus Anthony Cirelli in Arizona Coyotes zone.
8:42 of 2nd period - David Krejci is hit by Rickard Rakell and loses puck.
9:19 of 2nd period - Slapshot by Tom Wilson.
9:19 of 2nd period - Stopped by Kaapo Kahkonen with a rebound.
9:36 of 2nd period - Off-side.
9:37 of 2nd period - David Krejci wins face-off versus Anthony Cirelli in neutral zone.
11:09 of 2nd period - P.K. Subban is hit by Ondrej Palat and loses puck.
11:26 of 2nd period - Vladislav Namestnikov is hit by Claude Giroux.
11:41 of 2nd period - James van Riemsdyk is hit by Jaden Schwartz and loses puck.
11:54 of 2nd period - Wrist shot by Victor Olofsson.
11:54 of 2nd period - Goal by Victor Olofsson - Vegas Golden Knights : 3 - Arizona Coyotes : 3.
11:55 of 2nd period - David Krejci wins face-off versus Jordan Staal in neutral zone.
12:02 of 2nd period - Slapshot by Jared Spurgeon.
12:02 of 2nd period - Stopped by Philipp Grubauer without a rebound.
12:03 of 2nd period - David Krejci wins face-off versus Jordan Staal in Vegas Golden Knights zone.
12:24 of 2nd period - Minor Penalty to Mathew Dumba for Tripping.
12:25 of 2nd period - Claude Giroux wins face-off versus Colin White in Arizona Coyotes zone.
12:36 of 2nd period - Snap shot by Artemi Panarin.
12:36 of 2nd period - Stopped by Kaapo Kahkonen without a rebound.
12:37 of 2nd period - Erik Haula wins face-off versus Colin White in Arizona Coyotes zone.
13:06 of 2nd period - Snap shot by Jaden Schwartz.
13:06 of 2nd period - Deflect By Rickard Rakell.
13:06 of 2nd period - Goal by Rickard Rakell - Vegas Golden Knights : 4 - Arizona Coyotes : 3.
13:07 of 2nd period - Jordan Staal wins face-off versus Tyler Seguin in neutral zone.
13:39 of 2nd period - Off-side.
13:40 of 2nd period - Anthony Cirelli wins face-off versus Mats Zuccarello in neutral zone.
13:49 of 2nd period - Jared Spurgeon is hit by Rickard Rakell and loses puck.
14:06 of 2nd period - Jared Spurgeon is hit by Vladislav Namestnikov and loses puck.
14:47 of 2nd period - Snap shot by David Krejci.
14:47 of 2nd period - Stopped by Philipp Grubauer with a rebound.
14:49 of 2nd period - Snap shot by David Krejci.
14:49 of 2nd period - Stopped by Philipp Grubauer with a rebound.
14:51 of 2nd period - Slapshot by Mathew Dumba.
14:51 of 2nd period - Stopped by Philipp Grubauer with a rebound.
14:53 of 2nd period - Slapshot by Jared Spurgeon.
14:53 of 2nd period - Deflect By Mats Zuccarello.
14:53 of 2nd period - Shot Blocked by Brian Dumoulin.
14:53 of 2nd period - Puck is out of play.
14:54 of 2nd period - Jordan Staal wins face-off versus Tyler Seguin in Vegas Golden Knights zone.
16:23 of 2nd period - Dmitry Orlov is hit by Vladislav Namestnikov and loses puck.
17:59 of 2nd period - Rickard Rakell is hit by Jani Hakanpaa and loses puck.
18:00 of 2nd period - Rickard Rakell from Vegas Golden Knights is injured at 18:00 of 2nd period (Right Hand).
18:01 of 2nd period - Jordan Staal wins face-off versus Erik Haula in Vegas Golden Knights zone.
18:11 of 2nd period - Minor Penalty to Brayden McNabb for Roughing.
18:12 of 2nd period - Colin White wins face-off versus Claude Giroux in Arizona Coyotes zone.
18:54 of 2nd period - Snap shot by Artemi Panarin.
18:54 of 2nd period - Shot Blocked by Mathew Dumba.
18:56 of 2nd period - Backhand shot by Jaden Schwartz.
18:56 of 2nd period - Deflect By Jared Spurgeon.
18:56 of 2nd period - Stopped by Kaapo Kahkonen with a rebound.
18:58 of 2nd period - Slapshot by Artemi Panarin.
18:58 of 2nd period - Goal by Artemi Panarin - Vegas Golden Knights : 5 - Arizona Coyotes : 3.
18:59 of 2nd period - Tyler Seguin wins face-off versus Vladislav Namestnikov in neutral zone.
19:31 of 2nd period - David Krejci is hit by Marc Staal and loses puck.
Goals for this period are 3 for Vegas Golden Knights vs 1 for Arizona Coyotes.
Shots for this period are 13 for Vegas Golden Knights vs 7 for Arizona Coyotes.
3rd period
0:01 of 3rd period - Jordan Staal wins face-off versus Ondrej Palat in neutral zone.
1:01 of 3rd period - Minor Penalty to Brian Dumoulin for Hooking.
1:02 of 3rd period - Claude Giroux wins face-off versus Jordan Staal in Vegas Golden Knights zone.
1:05 of 3rd period - Wrist shot by Mats Zuccarello.
1:05 of 3rd period - Stopped by Philipp Grubauer with a rebound.
1:07 of 3rd period - Wrist shot by Dmitry Orlov.
1:07 of 3rd period - Shot Blocked by Andrew Peeke.
1:09 of 3rd period - Wrist shot by Claude Giroux.
1:09 of 3rd period - Shot Misses the Net.
1:11 of 3rd period - Slapshot by Brayden McNabb.
1:11 of 3rd period - Stopped by Philipp Grubauer without a rebound.
1:12 of 3rd period - Jordan Staal wins face-off versus Claude Giroux in Vegas Golden Knights zone.
1:35 of 3rd period - Snap shot by Claude Giroux.
1:35 of 3rd period - Stopped by Philipp Grubauer without a rebound.
1:36 of 3rd period - David Krejci wins face-off versus Jordan Staal in Vegas Golden Knights zone.
1:51 of 3rd period - Wrist shot by Mats Zuccarello.
1:51 of 3rd period - Stopped by Philipp Grubauer without a rebound.
1:52 of 3rd period - Jordan Staal wins face-off versus Claude Giroux in Vegas Golden Knights zone.
2:31 of 3rd period - Snap shot by Ondrej Palat.
2:31 of 3rd period - Stopped by Philipp Grubauer with a rebound.
2:37 of 3rd period - Double Minor Penalty to Marc Staal for Roughing.
2:38 of 3rd period - Anthony Cirelli wins face-off versus David Krejci in Vegas Golden Knights zone.
3:01 of 3rd period - Penalty to Brian Dumoulin is over, Brian Dumoulin is back on ice.
5:06 of 3rd period - James van Riemsdyk is hit by Anthony Cirelli and loses puck.
6:37 of 3rd period - Penalty to Marc Staal is over, Marc Staal is back on ice.
6:50 of 3rd period - Rocco Grimaldi is hit by Jaden Schwartz and loses puck.
7:06 of 3rd period - Icing by Brian Dumoulin.
7:07 of 3rd period - Ross Colton wins face-off versus Colin White in Vegas Golden Knights zone.
7:22 of 3rd period - Ondrej Palat is hit by Marc Staal.
8:15 of 3rd period - Ilya Mikheyev is hit by Jonathan Drouin and loses puck.
8:41 of 3rd period - Snap shot by Charlie Coyle.
8:41 of 3rd period - Stopped by Philipp Grubauer with a rebound.
9:21 of 3rd period - Snap shot by Charlie Coyle.
9:21 of 3rd period - Stopped by Philipp Grubauer with a rebound.
9:23 of 3rd period - Snap shot by Erik Haula.
9:23 of 3rd period - Goal by Erik Haula - Vegas Golden Knights : 5 - Arizona Coyotes : 4.
9:24 of 3rd period - Tyler Seguin wins face-off versus Jordan Staal in neutral zone.
9:54 of 3rd period - Snap shot by Jaden Schwartz.
9:54 of 3rd period - Shot Misses the Net.
10:30 of 3rd period - Snap shot by Zach Parise.
10:30 of 3rd period - Shot Blocked by Ondrej Palat.
10:47 of 3rd period - Snap shot by Mats Zuccarello.
10:47 of 3rd period - Stopped by Philipp Grubauer with a rebound.
10:49 of 3rd period - Snap shot by Mats Zuccarello.
10:49 of 3rd period - Shot Misses the Net.
10:51 of 3rd period - Slapshot by Jani Hakanpaa.
10:51 of 3rd period - Deflect By Claude Giroux.
10:51 of 3rd period - Shot Blocked by P.K. Subban.
10:51 of 3rd period - Puck is out of play.
10:52 of 3rd period - Jordan Staal wins face-off versus David Krejci in Vegas Golden Knights zone.
11:02 of 3rd period - Off-side.
11:03 of 3rd period - Jordan Staal wins face-off versus Tyler Seguin in neutral zone.
11:30 of 3rd period - Brayden McNabb is hit by Anthony Cirelli and loses puck.
12:18 of 3rd period - Off-side.
12:19 of 3rd period - Erik Haula wins face-off versus Jaden Schwartz in neutral zone.
12:44 of 3rd period - Ilya Mikheyev is hit by Jonathan Drouin and loses puck.
12:49 of 3rd period - Snap shot by Vladislav Namestnikov.
12:49 of 3rd period - Shot Blocked by Jared Spurgeon.
12:51 of 3rd period - Wrist shot by Jonathan Drouin.
12:51 of 3rd period - Goal by Jonathan Drouin - Vegas Golden Knights : 6 - Arizona Coyotes : 4.
12:52 of 3rd period - Jordan Staal wins face-off versus David Krejci in neutral zone.
13:05 of 3rd period - Slapshot by Artemi Panarin.
13:05 of 3rd period - Shot Misses the Net.
13:07 of 3rd period - Wrist shot by Jordan Staal.
13:07 of 3rd period - Stopped by Kaapo Kahkonen with a rebound.
13:17 of 3rd period - Anthony Cirelli is hit by Ilya Mikheyev.
13:45 of 3rd period - Slapshot by Erik Haula.
13:45 of 3rd period - Stopped by Philipp Grubauer with a rebound.
14:05 of 3rd period - Backhand shot by Tom Wilson.
14:05 of 3rd period - Deflect By Mats Zuccarello.
14:05 of 3rd period - Shot Blocked by Mats Zuccarello.
14:05 of 3rd period - Puck is out of play.
14:06 of 3rd period - Tyler Seguin wins face-off versus Jordan Staal in Arizona Coyotes zone.
14:35 of 3rd period - Wrist shot by Artemi Panarin.
14:35 of 3rd period - Stopped by Kaapo Kahkonen with a rebound.
14:37 of 3rd period - Wrist shot by Jordan Staal.
14:37 of 3rd period - Shot Misses the Net.
14:39 of 3rd period - Snap shot by Tom Wilson.
14:39 of 3rd period - Stopped by Kaapo Kahkonen with a rebound.
14:41 of 3rd period - Snap shot by Tom Wilson.
14:41 of 3rd period - Stopped by Kaapo Kahkonen with a rebound.
14:43 of 3rd period - Slapshot by Marc-Edouard Vlasic.
14:43 of 3rd period - Stopped by Kaapo Kahkonen without a rebound.
14:44 of 3rd period - Mats Zuccarello wins face-off versus Anthony Cirelli in Arizona Coyotes zone.
14:49 of 3rd period - Snap shot by Claude Giroux.
14:49 of 3rd period - Stopped by Philipp Grubauer with a rebound.
14:51 of 3rd period - Slapshot by Dmitry Orlov.
14:51 of 3rd period - Deflect By Anthony Cirelli.
14:51 of 3rd period - Stopped by Philipp Grubauer without a rebound.
14:52 of 3rd period - Anthony Cirelli wins face-off versus David Krejci in Vegas Golden Knights zone.
14:52 of 3rd period - Anthony Cirelli is hit by David Krejci.
15:10 of 3rd period - Snap shot by Claude Giroux.
15:10 of 3rd period - Shot Blocked by Brian Dumoulin.
15:12 of 3rd period - Slapshot by Dmitry Orlov.
15:12 of 3rd period - Shot Blocked by Brian Dumoulin.
15:14 of 3rd period - Slapshot by Dmitry Orlov.
15:14 of 3rd period - Shot Blocked by Brian Dumoulin.
15:16 of 3rd period - Slapshot by Claude Giroux.
15:16 of 3rd period - Shot Misses the Net.
15:18 of 3rd period - Snap shot by Dmitry Orlov.
15:18 of 3rd period - Shot Blocked by John Marino.
15:20 of 3rd period - Snap shot by David Krejci.
15:20 of 3rd period - Shot Blocked by Brian Dumoulin.
15:50 of 3rd period - Wrist shot by David Krejci.
15:50 of 3rd period - Goal by David Krejci - Vegas Golden Knights : 6 - Arizona Coyotes : 5.
15:51 of 3rd period - Erik Haula wins face-off versus Jordan Staal in neutral zone.
16:20 of 3rd period - Off-side.
16:21 of 3rd period - Vladislav Namestnikov wins face-off versus Ross Colton in neutral zone.
16:24 of 3rd period - Dmitry Orlov is hit by Jonathan Drouin and loses puck.
16:37 of 3rd period - Slapshot by Ilya Mikheyev.
16:37 of 3rd period - Goal by Ilya Mikheyev - Vegas Golden Knights : 6 - Arizona Coyotes : 6.
16:38 of 3rd period - Jordan Staal wins face-off versus Erik Haula in neutral zone.
16:43 of 3rd period - Slapshot by Artemi Panarin.
16:43 of 3rd period - Shot Misses the Net.
16:45 of 3rd period - Wrist shot by Jordan Staal.
16:45 of 3rd period - Shot Blocked by Brayden McNabb.
16:47 of 3rd period - Wrist shot by Artemi Panarin.
16:47 of 3rd period - Shot Blocked by Erik Haula.
16:49 of 3rd period - Backhand shot by Brian Dumoulin.
16:49 of 3rd period - Shot Blocked by Jared Spurgeon.
16:51 of 3rd period - Slapshot by Jordan Staal.
16:51 of 3rd period - Shot Misses the Net.
16:53 of 3rd period - Wrist shot by Artemi Panarin.
16:53 of 3rd period - Shot Blocked by Jared Spurgeon.
17:03 of 3rd period - Wrist shot by Jonathan Drouin.
17:03 of 3rd period - Stopped by Kaapo Kahkonen without a rebound.
17:04 of 3rd period - Ross Colton wins face-off versus Vladislav Namestnikov in Arizona Coyotes zone.
17:35 of 3rd period - Wrist shot by James van Riemsdyk.
17:35 of 3rd period - Shot Misses the Net.
17:55 of 3rd period - Wrist shot by Tyler Seguin.
17:55 of 3rd period - Shot Blocked by Colin White.
17:57 of 3rd period - Backhand shot by Jared Spurgeon.
17:57 of 3rd period - Stopped by Philipp Grubauer with a rebound.
17:59 of 3rd period - Slapshot by Mathew Dumba.
17:59 of 3rd period - Shot Misses the Net.
18:16 of 3rd period - Off-side.
18:17 of 3rd period - Ross Colton wins face-off versus Jordan Staal in neutral zone.
18:26 of 3rd period - Ross Colton is hit by P.K. Subban and loses puck.
18:46 of 3rd period - Snap shot by Ross Colton.
18:46 of 3rd period - Shot Misses the Net.
18:52 of 3rd period - Wrist shot by Rocco Grimaldi.
18:52 of 3rd period - Stopped by Philipp Grubauer with a rebound.
18:54 of 3rd period - Snap shot by Rocco Grimaldi.
18:54 of 3rd period - Stopped by Philipp Grubauer without a rebound.
18:55 of 3rd period - David Krejci wins face-off versus Vladislav Namestnikov in Vegas Golden Knights zone.
18:58 of 3rd period - Wrist shot by Claude Giroux.
18:58 of 3rd period - Goal by Claude Giroux - Vegas Golden Knights : 6 - Arizona Coyotes : 7.
18:59 of 3rd period - Jordan Staal wins face-off versus Charlie Coyle in neutral zone.
19:12 of 3rd period - Vegas Golden Knights, Philipp Grubauer is pulled from the net.
19:12 of 3rd period - Snap shot by Artemi Panarin.
19:12 of 3rd period - Shot Blocked by Mathew Dumba.
19:14 of 3rd period - Slapshot by Artemi Panarin.
19:14 of 3rd period - Shot Misses the Net.
19:16 of 3rd period - Snap shot by Artemi Panarin.
19:16 of 3rd period - Goal by Artemi Panarin - Vegas Golden Knights : 7 - Arizona Coyotes : 7.
19:16 of 3rd period - Philipp Grubauer from Vegas Golden Knights was sent back in the game.
19:17 of 3rd period - Erik Haula wins face-off versus Vladislav Namestnikov in neutral zone.
Goals for this period are 2 for Vegas Golden Knights vs 4 for Arizona Coyotes.
Shots for this period are 8 for Vegas Golden Knights vs 18 for Arizona Coyotes.
Overtime #1
0:01 of 1st overtime period - Jordan Staal wins face-off versus Claude Giroux in neutral zone.
0:04 of 1st overtime period - Mats Zuccarello is hit by Jordan Staal and loses puck.
0:13 of 1st overtime period - Snap shot by Artemi Panarin.
0:13 of 1st overtime period - Stopped by Kaapo Kahkonen without a rebound.
0:14 of 1st overtime period - Erik Haula wins face-off versus Jordan Staal in Arizona Coyotes zone.
0:21 of 1st overtime period - Andrew Peeke is hit by Erik Haula and loses puck.
1:06 of 1st overtime period - Erik Haula is hit by John Marino and loses puck.
3:11 of 1st overtime period - Claude Giroux is hit by Artemi Panarin and loses puck.
4:30 of 1st overtime period - Icing by Mathew Dumba.
4:31 of 1st overtime period - Jonathan Drouin wins face-off versus James van Riemsdyk in Arizona Coyotes zone.
4:32 of 1st overtime period - Snap shot by Victor Olofsson.
4:32 of 1st overtime period - Shot Misses the Net.
4:34 of 1st overtime period - Slapshot by Victor Olofsson.
4:34 of 1st overtime period - Stopped by Kaapo Kahkonen without a rebound.
4:35 of 1st overtime period - James van Riemsdyk wins face-off versus Jonathan Drouin in Arizona Coyotes zone.
4:46 of 1st overtime period - Wrist shot by James van Riemsdyk.
4:46 of 1st overtime period - Stopped by Philipp Grubauer with a rebound.
4:48 of 1st overtime period - Snap shot by James van Riemsdyk.
4:48 of 1st overtime period - Shot Misses the Net.
Goals for this period are 0 for Vegas Golden Knights vs 0 for Arizona Coyotes.
Shots for this period are 2 for Vegas Golden Knights vs 1 for Arizona Coyotes.
ShootOut
5:00 of 1st overtime period - Round #1.
5:00 of 1st overtime period - Vegas Golden Knights, Artemi Panarin.
5:00 of 1st overtime period - Wrist shot by Artemi Panarin.
5:00 of 1st overtime period - Stopped by Kaapo Kahkonen.
5:00 of 1st overtime period - Arizona Coyotes, Claude Giroux.
5:00 of 1st overtime period - Deke by Claude Giroux.
5:00 of 1st overtime period - Stopped by Philipp Grubauer.
5:00 of 1st overtime period - Round #2.
5:00 of 1st overtime period - Vegas Golden Knights, Andreas Johnsson.
5:00 of 1st overtime period - Snap shot by Andreas Johnsson.
5:00 of 1st overtime period - Stopped by Kaapo Kahkonen.
5:00 of 1st overtime period - Arizona Coyotes, Mats Zuccarello.
5:00 of 1st overtime period - Snap shot by Mats Zuccarello.
5:00 of 1st overtime period - Stopped by Philipp Grubauer.
5:00 of 1st overtime period - Round #3.
5:00 of 1st overtime period - Vegas Golden Knights, Anthony Cirelli.
5:00 of 1st overtime period - Snap shot by Anthony Cirelli.
5:00 of 1st overtime period - Shot Misses the Net.
5:00 of 1st overtime period - Arizona Coyotes, Charlie Coyle.
5:00 of 1st overtime period - Snap shot by Charlie Coyle.
5:00 of 1st overtime period - Stopped by Philipp Grubauer.
5:00 of 1st overtime period - Round #4.
5:00 of 1st overtime period - Vegas Golden Knights, Victor Olofsson.
5:00 of 1st overtime period - Wrist shot by Victor Olofsson.
5:00 of 1st overtime period - Shot Misses the Net.
5:00 of 1st overtime period - Arizona Coyotes, David Krejci.
5:00 of 1st overtime period - Snap shot by David Krejci.
5:00 of 1st overtime period - Stopped by Philipp Grubauer.
5:00 of 1st overtime period - Round #5.
5:00 of 1st overtime period - Vegas Golden Knights, Zach Parise.
5:00 of 1st overtime period - Deke by Zach Parise.
5:00 of 1st overtime period - Goal by Zach Parise.
5:00 of 1st overtime period - Arizona Coyotes, Tyler Seguin.
5:00 of 1st overtime period - Deke by Tyler Seguin.
5:00 of 1st overtime period - Shot Misses the Net.
Back to the Top